 Dungeon Crawl Stone Soup version 0.21.1-1-g345015f (webtiles) character file.

660 letownia2 the Conjurer (level 7, 0/40 HPs)
             Began as a Gargoyle Wizard on Feb 13, 2018.
             Slain by Serooblart's ghost (11 damage)
             ... on level 5 of the Dungeon.
             The game lasted 00:09:14 (1408 turns).

letownia2 the Conjurer (Gargoyle Wizard)            Turns: 1408, Time: 00:09:15

Health: 0/40       AC:  8    Str: 11    XL:     7   Next: 56%
Magic:  1/13       EV: 11    Int: 20    God:
Gold:   79         SH:  0    Dex:  8    Spells: 5/14 levels left

rFire    + . .     SeeInvis .   k - +0 long sword
rCold    x . .     Gourm    .   (no shield)
rNeg     + . .     Faith    .   q - +0 leather armour
rPois    ∞         Spirit   .   b - +0 hat
rElec    +         Reflect  .   (no cloak)
rCorr    .         Harm     .   (no gloves)
MR       .....                  (no boots)
Stlth    +.........             (no amulet)
HPRegen  0.13/turn              m - ring of fire
MPRegen  0.13/turn              (no ring)

@: very slightly contaminated
A: negative energy resistance 1, electricity resistance, unbreathing,
petrification resistance, rot immunity, AC +4
a: no special abilities


You were on level 5 of the Dungeon.
You were very hungry.

You visited 1 branch of the dungeon, and saw 5 of its levels.

You collected 79 gold pieces.

Inventory:

Hand Weapons
 g - a +0 hand axe
 k - a +0 long sword (weapon)
 n - a +0 rapier
 r - a +2 whip of freezing
Armour
 a - a +0 robe
 b - a +0 hat (worn)
 q - a +0 leather armour (worn)
 y - a +2 robe of cold resistance
Jewellery
 m - a ring of fire (left hand)
Scrolls
 e - 4 scrolls of remove curse {unknown}
 f - 3 scrolls of identify {unknown}
 i - a scroll of blinking {unknown}
 j - 5 scrolls of teleportation {unknown}
 l - a scroll of fear {unknown}
 p - a scroll of immolation {unknown}
 u - a scroll of magic mapping {unknown}
Potions
 h - a potion of lignification {unknown}
 o - a potion of cancellation {unknown}
 s - 3 potions of curing {unknown}
 t - a potion of brilliance {unknown}
 v - a potion of haste {unknown}
 w - a potion of heal wounds {unknown}
 x - a potion of resistance {unknown}
 z - a potion of invisibility {unknown}
Books
 c - a book of Minor Magic

   Spells                             Type                      Level
   a - Magic Dart                     Conjuration                  1
   b - Blink                          Translocation                2
   c - Call Imp                       Summoning                    2
   d - Slow                           Hexes                        2
   e - Conjure Flame                  Conjuration/Fire             3
   f - Mephitic Cloud                 Conjuration/Poison/Air       3
Comestibles
 d - 3 rations


   Skills:
 + Level 2.1 Fighting
 + Level 1.9 Armour
 - Level 1.5 Dodging
 - Level 2.1 Stealth
 * Level 4.0 Spellcasting
 - Level 4.4 Conjurations
   Level 0.8 Summonings
 + Level 2.0 Translocations
 - Level 2.0 Fire Magic
 + Level 2.1 Air Magic
 + Level 2.5 Poison Magic


You had 5 spell levels left.
You knew the following spells:

 Your Spells              Type           Power        Failure   Level  Hunger
a - Magic Dart            Conj           ###.         2%          1    None
b - Blink                 Tloc           N/A          11%         2    #......
c - Conjure Flame         Conj/Fire      ####....     13%         3    ###....
e - Mephitic Cloud        Conj/Pois/Air  ###.....     14%         3    ###....


Dungeon Overview and Level Annotations

Branches:
Dungeon (5/15)
 Temple: D:4-7

Altars:
Makhleb

Annotations:
D:3 ximkin's ghost, amateur DrTm
D:4 Menkaure
D:5 Serooblart's ghost, novice MiBe


Innate Abilities, Weirdness & Mutations

You are resistant to torment.
Your stone body is resilient. (AC +4)
You are immune to poison.
You resist negative energy. (rN+)
You are resistant to electric shocks. (rElec)
You can survive without breathing.
You are immune to petrification.
You are immune to rotting.


Message History

The quokka skeleton bites the freed slave.
The giant cockroach barely misses you. Serooblart's ghost hits you!
* * * LOW HITPOINT WARNING * * *
Unknown command.
Unknown command.
Unknown command.
Unknown command.
The giant cockroach closely misses you.
Unknown command.
Unknown command.
You barely miss the giant cockroach.
The giant cockroach bites you but does no damage.
Serooblart's ghost hits you but does no damage.
The giant cockroach bites you but does no damage.
The quokka skeleton bites you but does no damage.
The freed slave hits the giant cockroach!
The giant cockroach is killed!
Unknown command.
Serooblart's ghost hits you!
You die...

. .. ... .... .....
###### ......######
#..... ........[W.##
#..... <..#######@Z#
#..... #.p# #..... #..##
##.###. '...### ####..#
#. #.#....##.....###K
.#######.####p........##.
.........!# ##.........##
......#(..## #.p.......##
...........###.........##


You could see Serooblart's ghost, a quokka skeleton and a neutral freed slave
(confused).

Vanquished Creatures
  Pikel (D:5)
  2 slaves (D:5)
  An iguana (D:5)
  2 orc wizards
  A worker ant (D:4)
  4 gnolls (D:4)
  7 adders
  An ooze (D:2)
  A dart slug (D:3)
  11 orcs
  2 giant cockroaches
  3 goblins
  A hobgoblin (D:2)
  7 jackals
  2 kobolds (D:2)
  3 quokkas
  3 bats (D:2)
  4 rats
56 creatures vanquished.

Vanquished Creatures (others)
  A slave (D:5)
1 creature vanquished.

Grand Total: 57 creatures vanquished

Notes
Turn   | Place    | Note
-------+----------+-------------------------------------------
     0 | D:1      | letownia2 the Gargoyle Wizard began the quest for the Orb.
     0 | D:1      | Reached XP level 1. HP: 10/10 MP: 4/4
    45 | D:2      | Found a burning altar of Makhleb.
   167 | D:3      | Reached XP level 2. HP: 7/15 MP: 0/6
   336 | D:3      | Reached XP level 3. HP: 9/19 MP: 0/7
   361 | D:2      | Learned a level 3 spell: Mephitic Cloud
   365 | D:2      | Learned a level 3 spell: Conjure Flame
   467 | D:2      | Reached XP level 4. HP: 8/24 MP: 0/8
   557 | D:2      | Learned a level 2 spell: Blink
   560 | D:3      | Noticed ximkin's ghost (amateur DrTm)
   845 | D:4      | Reached skill level 1 in Fire Magic
   886 | D:4      | Reached skill level 1 in Poison Magic
   891 | D:4      | Reached skill level 1 in Air Magic
   891 | D:4      | Reached XP level 5. HP: 21/28 MP: 2/9
  1143 | D:4      | Reached skill level 1 in Translocations
  1221 | D:4      | Reached XP level 6. HP: 14/33 MP: 4/10
  1302 | D:4      | Noticed a phantom
  1308 | D:4      | Noticed Menkaure
  1330 | D:5      | Entered Level 5 of the Dungeon
  1330 | D:5      | Noticed Pikel
  1330 | D:5      | Noticed a slave
  1330 | D:5      | Noticed a slave
  1330 | D:5      | Noticed a slave
  1330 | D:5      | Noticed a slave
  1356 | D:5      | Killed a slave
  1401 | D:5      | Noticed Serooblart's ghost (novice MiBe)
  1401 | D:5      | Killed Pikel
  1401 | D:5      | Reached skill level 1 in Armour
  1401 | D:5      | Reached XP level 7. HP: 23/40 MP: 0/13
  1408 | D:5      | Slain by Serooblart's ghost

Skill      XL: |  1  2  3  4  5  6 |
---------------+-------------------+-----
Conjurations   | 2 3 4 |  4.4
Fire Magic     | 1 2 |  2.0
Poison Magic   | 1 2 |  2.5
Air Magic      | 1 2 |  2.1
Translocations | 1 2 |  2.0
Fighting       | 2 |  2.1
Armour         | 1 |  1.9
Spellcasting   | 4 |  4.0
Dodging        | |  1.5
Stealth        | |  2.1
Summonings     | |  0.8

Action                   |  1- 3 |  4- 6 |  7- 9 || total
-------------------------+-------+-------+-------++-------
Melee: Long sword        |    21 |    58 |     2 ||    81
       Hand axe          |     1 |       |       ||     1
 Cast: Magic Dart        |    39 |    45 |       ||    84
       Mephitic Cloud    |       |     8 |       ||     8
       Conjure Flame     |       |     3 |       ||     3
  Eat: Chunk             |       |     2 |       ||     2
Armor: Robe              |     3 |       |       ||     3
       Leather armour    |    11 |    32 |     4 ||    47
Dodge: Dodged            |    20 |    47 |     3 ||    70
       Rpst.: Long sword |     5 |    12 |       ||    17
